 Dungeon Crawl Stone Soup version 0.20.1-1-g8b1a95d (webtiles) character file.

78 muckle the Magician (level 4, -3/30 HPs)
             Began as a Mummy Wizard on July 11, 2017.
             Slain by an ooze (5 damage)
             ... on level 4 of the Dungeon.
             The game lasted 00:08:19 (2460 turns).

muckle the Magician (Mummy Wizard)                  Turns: 2460, Time: 00:08:20

Health: -3/30      AC:  3    Str: 10    XL:     4   Next: 15%
Magic:  1/11       EV: 12    Int: 18    God:
Gold:   131        SH:  0    Dex: 10    Spells: 3/13 levels left

rFire    . . .     SeeInvis .   l - +0 dagger (elec)
rCold    + + .     Gourm    .   (no shield)
rNeg     + + +     Faith    .   a - +0 robe
rPois    ∞         Spirit   .   b - +0 hat
rElec    .         Reflect  .   h - scarf {rC+ rF+}
rCorr    .         Harm     .   (no gloves)
MR       .....                  k - +0 pair of boots
Stlth    ++........             (no amulet)
Regen    0.1/turn               (no ring)
MPRegen  0.2/turn               (no ring)

@: very slightly contaminated
A: no food or potions, fire vulnerability, cold resistance 1, negative energy
resistance 3, torment resistance, unbreathing
a: no special abilities


You were on level 4 of the Dungeon.
You were not hungry.

You visited 1 branch of the dungeon, and saw 4 of its levels.

You collected 131 gold pieces.

Inventory:

Hand Weapons
 f - a +3 spear
 g - a +0 mace of holy wrath
 l - a +0 dagger of electrocution (weapon)
Missiles
 e - 2 needles of paralysis
Armour
 a - a +0 robe (worn)
 b - a +0 hat (worn)
 h - a scarf of resistance (worn)
 k - a +0 pair of boots (worn)
Scrolls
 i - 2 scrolls of remove curse
 j - a scroll of immolation {unknown}
Books
 c - a book of Minor Magic

   Spells                             Type                      Level
   a - Magic Dart                     Conjuration                  1
   b - Blink                          Translocation                2
   c - Call Imp                       Summoning                    2
   d - Slow                           Hexes                        2
   e - Conjure Flame                  Conjuration/Fire             3
   f - Mephitic Cloud                 Conjuration/Poison/Air       3


   Skills:
 - Level 1.5 Dodging
 - Level 1.5 Stealth
 + Level 5.2 Spellcasting
 + Level 2.3 Conjurations
 - Level 0.7 Summonings
 - Level 0.7 Translocations


You had 3 spell levels left.
You knew the following spells:

 Your Spells              Type           Power        Failure   Level  Hunger
a - Magic Dart            Conj           ##..         4%          1    N/A
b - Blink                 Tloc           N/A          14%         2    N/A
c - Call Imp              Summ           #.......     14%         2    N/A
d - Slow                  Hex            #.......     21%         2    N/A
e - Conjure Flame         Conj/Fire      #.......     24%         3    N/A

Dungeon Overview and Level Annotations

Branches:
Dungeon (4/15)
 Temple: D:4-7

Altars:


Innate Abilities, Weirdness & Mutations

You do not eat or drink.
Your flesh is vulnerable to fire.
You are immune to poison.
Your flesh is cold resistant. (rC+)
You are immune to negative energy. (rN+++)
You are immune to unholy pain and torment.
You can survive without breathing.


Message History

Your surroundings seem slightly different.
Casting: Magic Dart
Confirm with . or Enter, or press ? or * to list all spells.
Aiming: Magic Dart
Press: ? - help, Shift-Dir - straight line, f - ooze
Aim: an ooze You miscast Magic Dart.
You are very lightly contaminated with residual magic.
Your bandages flutter.
Casting: Magic Dart
Confirm with . or Enter, or press ? or * to list all spells.
Aiming: Magic Dart
Press: ? - help, Shift-Dir - straight line, f/p - ooze
Aim: an ooze The magic dart hits the ooze.
The ooze is moderately wounded.
The ooze hits you.
* * * LOW HITPOINT WARNING * * *
The ooze hits you.
You die...

####++####
#........#
#.......=#
#..sJ....#
#...@[..[#
#....?...#
#........#
#....$...#
#........#
##########


You could see an ooze and a giant cockroach.

Vanquished Creatures
  A gnoll (D:2)
  An adder (D:1)
  2 dart slugs (D:1)
  3 leopard geckos
  4 orcs (D:3)
  2 giant cockroaches (D:1)
  2 goblins
  A hobgoblin (D:1)
  9 jackals
  2 quokkas (D:2)
  A frilled lizard (D:1)
  3 kobolds (D:2)
  3 rats
34 creatures vanquished.

Vanquished Creatures (collateral kills)
  Terence (D:2)
  A giant cockroach (D:2)
2 creatures vanquished.

Vanquished Creatures (others)
  9 toadstools (D:3)
9 creatures vanquished.

Grand Total: 45 creatures vanquished

Notes
Turn   | Place    | Note
-------+----------+-------------------------------------------
     0 | D:1      | muckle the Mummy Wizard began the quest for the Orb.
     0 | D:1      | Reached XP level 1. HP: 13/13 MP: 5/5
    33 | D:1      | Reached skill level 1 in Conjurations
   304 | D:1      | Reached XP level 2. HP: 19/19 MP: 0/7
   486 | D:1      | Learned a level 2 spell: Blink
   489 | D:1      | Learned a level 2 spell: Call Imp
   492 | D:1      | Learned a level 2 spell: Slow
  1466 | D:2      | Reached XP level 3. HP: 24/24 MP: 6/9
  1511 | D:2      | Found a faded altar of an unknown god.
  1638 | D:2      | Learned a level 3 spell: Conjure Flame
  1656 | D:2      | Noticed Terence
  1763 | D:2      | Killed Terence
  1763 | D:2      | Reached skill level 5 in Spellcasting
  2022 | D:3      | Noticed a gnoll sergeant
  2176 | D:3      | Reached XP level 4. HP: 30/30 MP: 0/11
  2460 | D:4      | Slain by an ooze

Skill      XL: |  1  2  3 |
---------------+----------+-----
Conjurations   | 1 2 |  2.3
Spellcasting   | 5 |  5.2
Dodging        | |  1.5
Stealth        | |  1.5
Summonings     | |  0.7
Translocations | |  0.7

Action                   |  1- 3 |  4- 6 || total
-------------------------+-------+-------++-------
Melee: Unarmed           |     5 |       ||     5
       Spear             |     3 |    11 ||    14
       Dagger            |       |     3 ||     3
 Cast: Magic Dart        |    92 |    19 ||   111
       Call Imp          |     3 |     1 ||     4
       Blink             |     2 |     1 ||     3
  Use: Scroll            |     3 |     2 ||     5
Armor: Robe              |    12 |     5 ||    17
Dodge: Dodged            |    55 |    16 ||    71
